 Dungeon Crawl Stone Soup version 0.30-a0-782-ge64f9170bb (webtiles) character file.

Game seed: 12217012545471143061

1631802 Flugkiller the Metallomancer (level 27, 240/240 HPs)
             Began as a Formicid Air Elementalist on Feb 23, 2023.
             Was the Champion of Cheibriados.
             Escaped with the Orb
             ... and 3 runes!
             The game lasted 02:34:46 (70108 turns).

Flugkiller the Metallomancer (FoAE)                Turns: 70108, Time: 02:34:47

Health: 240/240    AC: 45    Str: 33 (34) XL:     27
Magic:  49/50      EV: 25    Int: 53 (54) God:    Cheibriados [******]
Gold:   5032       SH:  0    Dex: 38 (39) Spells: 11/60 levels left

rFire   + + .      SeeInvis +    B - +6 Majin-Bo {spellvamp, MP+6 Int+6}
rCold   + . .      Faith    +    (no shield)
rNeg    . . .      Spirit   .    k - +17 plate armour of Gozag's Supremacy {Dex+5}
rPois   .          Reflect  .    (helmet unavailable)
rElec   .          Harm     .    C - +2 cloak {Will+}
rCorr   .          Rampage  .    e - +2 pair of gloves
Will    +++..                    i - +2 pair of boots Stlth
                                 R - amulet "Ibiustru" {Faith rF+ rC+ Regen+ Dex+3}
HPRegen 1.40/turn                U - ring "Leck" {rF+ Str+4 Dex+6}
MPRegen 0.32/turn                Z - +6 ring of intelligence

@: studying Fire Magic, very slow
A: permanent stasis, dig shafts and tunnels, antennae 3, four strong arms,
clumsy 2, robust 1
0: Orb of Zot
}: 3/15 runes: decaying, serpentine, slimy
a: Dig, Shaft Self, Renounce Religion, Bend Time, Temporal Distortion, Slouch,
Step From Time


You escaped.
You worshipped Cheibriados.
Cheibriados was exalted by your worship.
You visited 11 branches of the dungeon, and saw 52 of its levels.
You visited the Abyss 1 time.
You visited 1 bazaar.
You also visited: Ossuary, Ice Cave and Wizlab.

You collected 7585 gold pieces.
You spent 2553 gold pieces at shops.

Inventory:

Hand Weapons
 B - the +6 Majin-Bo (weapon) {spellvamp, MP+6 Int+6}
   (You acquired it on level 9 of the Dungeon)

   Int:       It affects your intelligence (+6).
   MP:        It affects your magic capacity (+6).
Missiles
 l - 5 curare-tipped darts
 y - 4 throwing nets
Armour
 e - a +2 pair of gloves (worn)
   (You found it on level 3 of the Dungeon)
 i - a +2 pair of boots (worn)
   (You found it on level 9 of the Dungeon)
 k - the +17 plate armour of Gozag's Supremacy (worn) {Dex+5}
   (You bought it in a shop on level 1 of the Depths)

   Dex:       It affects your dexterity (+5).
 C - a +2 cloak of willpower (worn)
   (You took it off a draconian monk on level 4 of the Depths)
Jewellery
 f - a ring of protection from fire
   (You found it on level 4 of the Depths)
 p - a +4 ring of protection
   (You found it on level 3 of the Elven Halls)
 r - the ring "Jeaty" {rN+ Int+5 SInv}
   (You bought it in a shop on level 2 of the Orcish Mines)

   [ring of see invisible]

   Int:       It affects your intelligence (+5).
   rN:        It protects you from negative energy.
   SInv:      It lets you see invisible.
 v - a +5 ring of evasion
   (You took it off a deep elf zephyrmancer on level 2 of the Elven Halls)
 z - the ring "Zupylaub" {Contam rF+ rC+ rN+++ Str+3}
   (You acquired it in a bazaar)

   [ring of protection from cold]

   Str:       It affects your strength (+3).
   rF:        It protects you from fire.
   rC:        It protects you from cold.
   rN:        It renders you almost immune to negative energy.
   Contam:    It causes magical contamination when unequipped.
 L - the ring "Eliussuf" {Will+ MP+9 SInv}
   (You found it on level 4 of the Realm of Zot)

   [ring of willpower]

   MP:        It affects your magic capacity (+9).
   SInv:      It lets you see invisible.
   Will:      It increases your willpower.
 R - the amulet "Ibiustru" (around neck) {Faith rF+ rC+ Regen+ Dex+3}
   (You found it on level 5 of the Lair of Beasts)

   [amulet of faith]

   It allows you to gain divine favour quickly.
   Dex:       It affects your dexterity (+3).
   rF:        It protects you from fire.
   rC:        It protects you from cold.
   Regen:     It increases your rate of health regeneration.
 T - the ring "Qivith" {rN+++ rCorr Int+6 Dex-3 Stlth-}
   (You found it on level 1 of the Swamp)

   [ring of intelligence]

   Int:       It affects your intelligence (+6).
   Dex:       It affects your dexterity (-3).
   rN:        It renders you almost immune to negative energy.
   rCorr:     It protects you from acid and corrosion.
   Stlth:     It makes you less stealthy.
 U - the ring "Leck" (left hand) {rF+ Str+4 Dex+6}
   (You found it in an ice cave)

   [ring of dexterity]

   Str:       It affects your strength (+4).
   Dex:       It affects your dexterity (+6).
   rF:        It protects you from fire.
 Z - a +6 ring of intelligence (right hand)
   (You found it on level 14 of the Dungeon)
Wands
 g - a wand of mindburst (20)
   (You found it on level 9 of the Dungeon)
 E - a wand of light (12)
   (You took it off an orc priest on level 11 of the Dungeon)
 M - a wand of digging (11)
   (You found it on level 2 of the Lair of Beasts)
 P - a wand of paralysis (48)
   (You found it on level 2 of the Lair of Beasts)
 Y - a wand of roots (29)
   (You found it in an ice cave)
Scrolls
 b - 7 scrolls of fear
 s - 6 scrolls of silence
 u - 7 scrolls of amnesia
 F - 9 scrolls of vulnerability
 H - 14 scrolls of immolation
 I - 10 scrolls of fog
 J - 8 scrolls of poison
 N - 16 scrolls of enchant armour
 W - 2 scrolls of butterflies
Potions
 c - 9 potions of lignification
 d - 12 potions of might
 h - a potion of invisibility
 n - 3 potions of resistance
 q - 16 potions of curing
 t - 3 potions of cancellation
 w - 2 potions of heal wounds
 A - 6 potions of flight
 K - a potion of mutation
 Q - 10 potions of attraction
 S - 9 potions of brilliance
Miscellaneous
 a - a lightning rod (4/4)
   (You found it on level 5 of the Pits of Slime)
 j - a tin of tremorstones (2/2)
   (You found it on level 5 of the Pits of Slime)
 D - a condenser vane
   (You found it in an ice cave)
 V - a phial of floods
   (You found it in an ice cave)
 X - a box of beasts
   (You found it on level 15 of the Dungeon)


   Skills:
 + Level 18.6 Fighting
 - Level 6.6 Ranged Weapons
 - Level 16.0 Armour
 - Level 14.0 Dodging
 - Level 4.0 Stealth
 - Level 17.0 Spellcasting
 - Level 20.0 Conjurations
 - Level 12.0 Summonings
 - Level 8.0 Necromancy
 - Level 5.0 Transmutations
 - Level 9.0 Air Magic
 - Level 24.4 Earth Magic
 - Level 12.0 Invocations
 - Level 6.0 Evocations


You had 11 spell levels left.
You knew the following spells:

 Your Spells              Type           Power      Damage    Failure   Level
a - Shock                 Conj/Air       100%       1d9       0%          1
b - Static Discharge      Conj/Air       100%       2-7/arc   0%          2
c - Airstrike             Air            48%        2d(7-23)  1%          4
d - Arcjolt               Conj/Air       57%        1d67      1%          5
e - Sublimation of Blood  Necr           92%        N/A       1%          2
f - Iron Shot             Conj/Erth      68%        9d13      1%          6
g - Spellforged Servitor  Conj/Summ      60%        N/A       1%          7
h - Lehudib's Crystal Sp  Conj/Erth      68%        10d15     1%          8
i - Irradiate             Conj/Tmut      54%        3d29      1%          5
j - Shatter               Erth           70%        3d52*     7%          9

Your spell library contained the following spells:

 Spells                   Type           Power      Damage    Failure   Level
 Kiss of Death            Conj/Necr      100%       2d13      0%          1
 Stone Arrow              Conj/Erth      100%       3d13      0%          3
 Animate Armour           Summ/Erth      100%       N/A       0%          4
 Iskenderun's Battlesphe  Conj           100%       2d15      0%          5
 Lee's Rapid Deconstruct  Erth           70%        3d32*     0%          5
 Beastly Appendage        Tmut           100%       N/A       1%          1
 Foxfire                  Conj/Fire      100%       2x1d9     1%          1
 Freeze                   Ice            100%       1d10      1%          1
 Slow                     Hex            100%       N/A       1%          1
 Sting                    Tmut/Pois      100%       1d8       1%          1
 Cigotuvi's Dreadful Rot  Necr/Pois/Air  100%       N/A       1%          2
 Momentum Strike          Conj/Tloc      100%       3d10      1%          2
 Poisonous Vapours        Pois/Air       100%       N/A       1%          2
 Wereblood                Tmut           78%        N/A       1%          2
 Dazzling Flash           Conj/Hex       100%       N/A       1%          3
 Kindle Blastsparks       Fire/Tloc/Air  100%       2d18      1%          3
 Mephitic Cloud           Conj/Pois/Air  99%        N/A       1%          3
 Spider Form              Tmut/Pois      64%        N/A       1%          3
 Vampiric Draining        Necr           92%        2d12      1%          3
 Vhi's Electric Charge    Tloc/Air       100%       N/A       1%          3
 Animate Dead             Necr           92%        N/A       1%          4
 Dispel Undead            Necr           92%        3d29      1%          4
 Fulminant Prism          Conj/Hex       50%        3d23      1%          4
 Iskenderun's Mystic Bla  Conj/Tloc      100%       2d19      1%          4
 Petrify                  Tmut/Erth      100%       N/A       1%          4
 Sticky Flame             Conj/Fire      100%       2d11      1%          4
 Summon Ice Beast         Ice/Summ       83%        N/A       1%          4
 Summon Lightning Spire   Summ/Air       100%       N/A       1%          4
 Agony                    Necr           92%        N/A       1%          5
 Borgnjor's Vile Clutch   Necr/Erth      60%        N/A       1%          5
 Freezing Cloud           Conj/Ice/Air   49%        6-21      1%          5
 Lightning Bolt           Conj/Air       57%        1d80      1%          5
 Conjure Ball Lightning   Conj/Air       57%        3x3d21    1%          6
 Ensorcelled Hibernation  Hex/Ice        90%        N/A       2%          2
 Lesser Beckoning         Tloc           90%        N/A       2%          2
 Ignite Poison            Fire/Tmut/Pois 58%        N/A       2%          3
 Anguish                  Hex/Necr       36%        N/A       3%          4
 Summon Mana Viper        Hex/Summ       83%        N/A       3%          5
 Confusing Touch          Hex            45%        N/A       4%          3
 Frozen Ramparts          Ice            90%        1d14      4%          3
 Gell's Gravitas          Tloc           45%        N/A       4%          3
 Inner Flame              Hex/Fire       45%        N/A       4%          3
 Ozocubu's Armour         Ice            45%        N/A       4%          3
 Portal Projectile        Hex/Tloc       90%        N/A       4%          3
 Teleport Other           Tloc           45%        N/A       4%          3
 Tukima's Dance           Hex            45%        N/A       4%          3
 Starburst                Conj/Fire      50%        6d14      4%          6
 Ice Form                 Ice/Tmut       64%        N/A       5%          4
 Blade Hands              Tmut           39%        N/A       5%          5
 Silence                  Hex/Air        37%        N/A       7%          5
 Death Channel            Necr           46%        N/A       9%          6
 Monstrous Menagerie      Summ           53%        N/A       10%         7
 Summon Hydra             Summ           53%        N/A       10%         7
 Manifold Assault         Tloc           45%        N/A       16%         4
 Olgreb's Toxic Radiance  Pois           45%        N/A       16%         4
 Passage of Golubria      Tloc           45%        N/A       16%         4
 Yara's Violent Unravell  Hex/Tmut       32%        3d13      16%         5
 Haunt                    Necr/Summ      50%        N/A       22%         7
 Metabolic Englaciation   Hex/Ice        22%        N/A       41%         5
 Simulacrum               Ice/Necr       36%        N/A       43%         6
 Storm Form               Tmut/Air       43%        N/A       58%         7
 Dragon Form              Tmut           39%        N/A       86%         7
 Dispersal                Tloc           22%        N/A       94%         6
 Maxwell's Capacitive Co  Air            48%        ∞         95%         8
 Infestation              Necr           46%        N/A       98%         8
 Chain Lightning          Conj/Air       57%        3d76      99%         9
 Enfeeble                 Hex            22%        N/A       100%        7
 Ozocubu's Refrigeration  Ice            22%        4d12      100%        7
 Discord                  Hex            22%        N/A       100%        8
 Disjunction              Tloc           22%        N/A       100%        8
 Ignition                 Fire           22%        3d8       100%        8
 Necromutation            Tmut/Necr      42%        N/A       100%        8
 Fire Storm               Conj/Fire      50%        8d13      100%        9
 Polar Vortex             Ice            22%        N/A       100%        9
 Swiftness                Air            Unusable   N/A       N/A         3
 Blink                    Tloc           Unusable   N/A       N/A         2

Dungeon Overview and Level Annotations

Branches:
Dungeon (15/15)            Temple (1/1) D:4            Lair (5/5) D:9
  Swamp (4/4) Lair:3        Snake (4/4) Lair:2        Slime (5/5) Lair:5
    Orc (2/2) D:11            Elf (3/3) Orc:2        Vaults (4/5) D:14
  Crypt (0/3) Vaults:2     Depths (4/4) D:15            Zot (5/5) Depths:4
Ossuary (visited)           IceCv (visited)          WizLab (visited)

Altars:
Cheibriados
Elyvilon
Fedhas
Kikubaaqudgha
Makhleb
Qazlal
Ru
Sif Muna
Trog
Vehumet
Zin
The Shining One
Jiyva

Shops:
Orc:1 [   Orc:2 *(*:   Elf:2 =   Snake:1 :[=(   Snake:2 :   Snake:4 =::
Depths:1 [

Portals:
Hell: Depths:1 Depths:2 Depths:3 Depths:4
Abyss: Depths:3
Pandemonium: Depths:1 Depths:2 Depths:4
Ziggurat: Depths:3
Trove: D:15 (give 5 potions of resistance)

Annotations:
D:8 1 runed translucent door, LowRida's ghost, novice OpCj
Lair:5 exclusions: door and obsidian statue
Orc:1 2 transporters, Fatsamen's ghost, journeyman MiMo
Elf:2 3 runed translucent doors
Vaults:1 36 runed doors
Vaults:2 36 runed doors
Depths:3 2 transporters, exclusion: orange crystal statue
Zot:3 1 transporter


Innate Abilities, Weirdness & Mutations

You cannot be hasted, slowed, berserked, paralysed or teleported.
You can dig through walls and to a lower floor.
You have a pair of large antennae on your head. (SInv)
Your four strong arms can wield two-handed weapons with a shield.
You are very clumsy. (Dex -4)
You are robust. (+10% HP)


Message History

There is a stone staircase leading up here.
You climb upwards.
There is a stone staircase leading down here.
There is a stone staircase leading up here.
You climb upwards.
Level annotation: 1 runed translucent door, LowRida's ghost, novice OpCj
There is a stone staircase leading down, spattered with blood here.
There is a stone staircase leading up here.
You climb upwards.
There is a stone staircase leading down here.
There is an open door here.
There is an open door here.
There is an open door here.
An Orb Guardian comes into view.
Casting: Iron Shot (safe; 1% risk of failure)
Confirm with . or Enter, or press ? or * to list all spells.
Aiming: Iron Shot (safe; 1% risk of failure)
Press: ? - help, Shift-Dir - straight line, f - Orb Guardian
Aim: an Orb Guardian (75% to hit)
The iron shot hits the Orb Guardian!!!
You feel better.
The Orb Guardian is severely wounded.
Casting: Iron Shot (safe; 1% risk of failure)
Confirm with . or Enter, or press ? or * to list all spells.
Aiming: Iron Shot (safe; 1% risk of failure)
Press: ? - help, Shift-Dir - straight line, f/p - Orb Guardian
Aim: an Orb Guardian (severely wounded, 75% to hit)
The iron shot hits the Orb Guardian!!!
You feel better.
You kill the Orb Guardian!
Cheibriados thoroughly appreciates the change of pace.
(D) Dungeon (T) Temple (L) Lair (S) Swamp (P) Snake Pit (M) Slime Pits (O) Orcish Mines (E) Elven Halls (V) Vaults (C) Crypt (U) Depths (H) Hell (Z) Zot
Where to? (Enter - D:1 @ (x,y), ? - help)
There is a stone staircase leading up here.
You climb upwards.
A ynoxinul comes into view.
There is a stone staircase leading down here.
The ynoxinul gestures.
Casting: Iron Shot (safe; 1% risk of failure)
Confirm with . or Enter, or press ? or * to list all spells.
Aiming: Iron Shot (safe; 1% risk of failure)
Press: ? - help, Shift-Dir - straight line, f - ufetubus
Aim: an ufetubus (summoned, 70% to hit)
The iron shot hits the ufetubus!!!
You kill the ufetubus!
The ufetubus disappears in a puff of smoke!
Casting: Iron Shot (safe; 1% risk of failure)
Confirm with . or Enter, or press ? or * to list all spells.
Aiming: Iron Shot (safe; 1% risk of failure)
Press: ? - help, Shift-Dir - straight line, f - ynoxinul
Aim: a ynoxinul (82% to hit)
The iron shot hits the ynoxinul!!!
You kill the ynoxinul!
Cheibriados appreciates the change of pace.
The ufetubus disappears in a puff of smoke!
(D) Dungeon (T) Temple (L) Lair (S) Swamp (P) Snake Pit (M) Slime Pits (O) Orcish Mines (E) Elven Halls (V) Vaults (C) Crypt (U) Depths (H) Hell (Z) Zot
Where to? (Enter - D:1 @ (x,y), ? - help) HP restored.
There is a stone staircase leading up here.
You climb upwards.
There is a stone staircase leading down here.
There is a stone staircase leading up here.
You climb upwards.
There is a stone staircase leading down here.
Magic restored.
There is an open door here.
There is a stone staircase leading up here.
You climb upwards.
There is a stone staircase leading down here.
There is a stone staircase leading up here.
You climb upwards.
There is a stone staircase leading down here.
There is a stone staircase leading up here.
You climb upwards.
There is a stone staircase leading down here.
The gnoll shouts!
Unknown command.
Casting: Iron Shot (safe; 1% risk of failure)
Confirm with . or Enter, or press ? or * to list all spells.
You can't see any susceptible monsters within range! (Use Z to cast anyway.)
Casting: Iron Shot (safe; 1% risk of failure)
Confirm with . or Enter, or press ? or * to list all spells.
Aiming: Iron Shot (safe; 1% risk of failure)
Press: ? - help, Shift-Dir - straight line, f - gnoll
Aim: a gnoll, wielding a +0 flail and wearing a +0 leather armour (84% to hit)
The iron shot hits the gnoll!!!!
You feel better.
You kill the gnoll!
Cheibriados thoroughly appreciates the change of pace.
(D) Dungeon (T) Temple (L) Lair (S) Swamp (P) Snake Pit (M) Slime Pits (O) Orcish Mines (E) Elven Halls (V) Vaults (C) Crypt (U) Depths (H) Hell (Z) Zot
Where to? (Enter - D:1 @ (x,y), ? - help)
There is a staircase leading out of the dungeon here.
Enter note: gg You have escaped!

...........## ##..........#
#.####......## ##......####.#
#..# ##......## ##..)...##
#..# ##.## ##......##
##......## ##†## #..##
##......###......## ##..#.
##..## ##......#......##
##..##. ##..##
##...........## ##..##..
##..## ##.........##
##..###..
##..#####...@...#####..####..
##...####.....####...##.....
###...###...###...####.#.#
###...........######...#
######.######.......##
#...##...##.###### #######
###.##.####......( .....[#
####........#######
......###### #...........#


There were no monsters in sight!

Vanquished Creatures
  the Royal Jelly (Slime:5)
  A pandemonium lord (Zot:2)
  A dread lich (Zot:5)
  An ancient lich (Zot:5)
  7 orbs of fire (Zot:5)
  Boris (Depths:3)
  The ghost of Afra the Sorcerer, a veteran FoHs of Okawaru (Depths:4)
  4 Killer Klowns
  2 curse toes (Zot:4)
  A caustic shrike (Depths:1)
  6 golden dragons
  The ghost of Iruirgha the Slayer, a veteran OpFi of Gozag (Zot:4)
  3 bone dragons (Zot:2)
  A Tzitzimitl (WizLab)
  6 tentacled monstrosities
  3 electric golems
  Rupert (D:15)
  Jorgrun (Elf:1)
  A hellephant (Zot:4)
  Zenata (Elf:3)
  4 liches
  21 Orb Guardians
  A deep elf master archer (Elf:3)
  4 quicksilver dragons
  15 acid blobs
  A sphinx (Vaults:3)
  8 death cobs
  5 storm dragons
  2 tentacled starspawn (Abyss:2)
  A tengu reaver (Depths:3)
  7 shadow dragons
  9 azure jellies
  8 fire giants
  5 draconian monks
  6 rockslimes
  4 nagarajas (Snake:4)
  2 deep elf sorcerers (Elf:3)
  6 draconian scorchers
  4 draconian knights
  7 vault wardens
  2 draconian shifters
  8 ironbound preservers
  2 draconian stormcallers
  5 deep elf elementalists (Elf:3)
  7 frost giants
  3 quicksilver oozes
  A spriggan defender (Depths:2)
  3 cacodemons (WizLab)
  3 very ugly things
  A reaper (WizLab)
  A draconian annihilator (Zot:3)
  An eleionoma (Swamp:2)
  7 green draconians
  3 deep elf demonologists (Elf:3)
  4 demonspawn black suns (Zot:1)
  5 stone giants
  A deep elf annihilator (Elf:3)
  3 vampire knights (Depths:1)
  5 yellow draconians
  4 ironbound thunderhulks
  4 white draconians
  7 black draconians
  5 dire elephants
  A bunyip (Swamp:1)
  2 spark wasps (Depths:3)
  A lorocyproca (WizLab)
  6 purple draconians
  4 red draconians
  Snorg (Lair:3)
  8 ettins
  3 deep elf death magi
  Josephine (D:15)
  Fannar (Lair:3)
  4 deep elf high priests
  A fire dragon (Depths:1)
  5 great orbs of eyes
  A rakshasa (Depths:2)
  A yaktaur captain (Vaults:2)
  6 vault guards
  A salamander tyrant (Snake:4)
  6 boulder beetles
  7 ice dragons
  An ogre mage (Vaults:2)
  6 anacondas
  A spriggan skeleton (Depths:2)
  4 ironbound frosthearts
  An anaconda (shapeshifter) (Depths:1)
  2 death knights
  13 hydras
  22 centaur warriors
  15 dancing weapons
  An alligator (Swamp:4)
  3 two-headed ogres
  3 tengu warriors
  10 naga warriors
  12 deep troll earth magi
  4 deep troll shamans
  7 naga sharpshooters
  Urug (Orc:1)
  10 hell knights
  4 spriggan berserkers
  4 orc high priests (Orc:2)
  2 shock serpents (Snake:3)
  A vampire mage (Depths:3)
  11 death yaks
  A sun demon (WizLab)
  9 deep elf knights
  Sonja (Orc:1)
  A fire crab (Lair:5)
  9 iron trolls
  Nergalle (Orc:1)
  A wretched star (Abyss:2)
  A shadow wraith (Vaults:2)
  33 deep trolls
  2 goliath frogs (Swamp:1)
  A salamander mystic (Snake:2)
  2 skysharks (Lair:5)
  3 glowing orange brains
  A spriggan druid (Swamp:2)
  A flayed ghost (Depths:2)
  4 swamp dragons
  A naga ritualist (Snake:3)
  12 deep elf archers
  A bog body (Swamp:2)
  3 orc knights
  7 ironbound convokers
  A golden dragon skeleton (Depths:2)
  24 deep elf zephyrmancers
  A phantasmal warrior (D:13)
  A tengu zombie (Depths:2)
  5 wizards
  2 will-o-the-wisps
  25 deep elf pyromancers
  5 necromancers
  2 shining eyes
  11 cyclopes
  3 manticores
  2 orc sorcerers
  2 mana vipers
  7 salamanders
  15 moths of wrath
  33 ugly things
  5 naga magi (Snake:4)
  3 vault sentinels
  4 guardian serpents
  A toenail golem (Depths:2)
  13 elephants
  An ice statue (IceCv)
  An eye of devastation (Slime:3)
  9 black mambas
  Maggie (D:8)
  2 smoke demons
  A dire elephant zombie (Lair:5)
  A torpor snail (Lair:5)
  2 gargoyles
  7 cane toads
  2 unseen horrors
  2 rime drakes (Lair:5)
  3 nameless horrors
  A kobold demonologist (D:12)
  10 komodo dragons
  An ice devil (WizLab)
  A tengu conjurer (D:15)
  2 yaktaurs
  2 freezing wraiths (D:13)
  5 trolls
  3 efreet
  2 red devils
  12 polar bears
  A meliai (D:14)
  A tengu simulacrum (Depths:2)
  4 hornets
  A troll (shapeshifter) (Elf:3)
  A tarantella (shapeshifter) (Elf:1)
  A stone giant simulacrum (Vaults:1)
  A raiju (Abyss:2)
  2 spectral elephants (Lair:5)
  12 dream sheep
  A tyrant leech (Swamp:4)
  4 blink frogs
  20 slime creatures
  3 air elementals
  3 large abominations (Abyss:2)
  4 shadows
  4 wyverns
  2 vampires (D:11)
  4 fire elementals
  3 ynoxinuls
  A dire elephant simulacrum (Lair:5)
  78 yaks
  5 spriggans
  6 water elementals
  7 wraiths
  An unseen horror simulacrum (D:9)
  A basilisk (D:13)
  A yaktaur simulacrum (Vaults:1)
  20 humans
  An elf zombie (Vaults:1)
  A death yak simulacrum (Lair:5)
  Grum (D:8)
  2 vampire mosquitoes
  2 neqoxecs (Abyss:2)
  2 wargs
  2 spectral cane toads (Lair:5)
  A steam dragon (D:7)
  13 nagas
  5 swamp worms
  An acid dragon (D:10)
  11 water moccasins
  2 sky beasts (shapeshifter) (D:9)
  3 ice beasts
  24 orc warriors
  4 sky beasts
  A black bear (D:4)
  A swamp drake (Swamp:1)
  An elephant zombie (Lair:5)
  4 ogres
  45 wolves
  18 centaurs
  2 boggarts (Vaults:1)
  2 kobold brigands (Depths:1)
  12 bullfrogs
  4 earth elementals
  3 scorpions
  5 small abominations (Abyss:2)
  A cane toad simulacrum (Lair:5)
  10 wights (D:8)
  An elephant simulacrum (Lair:5)
  5 killer bees (D:7)
  6 howler monkeys
  6 electric eels (D:12)
  2 centaur zombies (Ossuary)
  2 human zombies (Ossuary)
  A gnoll bouda (D:6)
  5 hounds
  3 jellies (Lair:5)
  31 orc priests
  19 starcursed masses (Abyss:2)
  Jessica (D:2)
  3 iguanas
  Natasha (thrice) (D:2)
  34 orc wizards
  3 mummies
  6 adders
  13 gnolls
  A shadow imp (D:6)
  A white imp (D:6)
  2 ufetubi (D:5)
  4 worms
  4 dart slugs
  84 orcs
  3 bats
  7 endoplasms
  2 giant cockroaches
  2 gnoll zombies (Ossuary)
  4 hobgoblins
  2 quokkas
  6 ball pythons
  7 frilled lizards
  6 goblins
  A goblin zombie (Ossuary)
  7 hobgoblin zombies
  7 kobolds
  2 kobold skeletons (D:6)
  A kobold zombie (D:6)
  5 orc zombies
  4 rats
  A starspawn tentacle (Abyss:2)
1461 creatures vanquished.

Vanquished Creatures (collateral kills)
  4 orbs of fire
  2 Killer Klowns
  2 golden dragons
  Jory (Vaults:3)
  6 tentacled monstrosities
  2 titans (Zot:2)
  6 Orb Guardians (Zot:5)
  3 quicksilver dragons (Zot:2)
  2 deep elf blademasters (Elf:3)
  2 sphinxes
  4 acid blobs
  A deep elf master archer (Elf:3)
  A tentacled starspawn (Abyss:2)
  A thorn hunter (Swamp:2)
  9 nagarajas (Snake:4)
  2 shadow dragons
  3 storm dragons
  4 draconian monks
  3 fire giants
  A rockslime (Slime:2)
  A draconian knight (Zot:2)
  A balrug (WizLab)
  5 draconian scorchers
  Louise (Swamp:4)
  A ghoul (Swamp:4)
  6 vault wardens
  2 deep elf sorcerers (Elf:3)
  2 deep elf elementalists (Elf:3)
  5 frost giants
  4 draconian annihilators
  2 draconian shifters
  A draconian stormcaller (Zot:3)
  7 ironbound preservers
  7 very ugly things
  3 stone giants
  An eleionoma (Swamp:2)
  3 green draconians
  3 quicksilver oozes
  2 bunyips
  A deep elf demonologist (Elf:3)
  7 black draconians
  3 deep elf annihilators (Elf:3)
  4 yellow draconians (Zot:3)
  5 purple draconians
  11 dire elephants
  3 white draconians
  3 red draconians
  A blizzard demon (WizLab)
  4 fire dragons
  2 ettins
  4 deep elf death magi (Elf:3)
  3 great orbs of eyes
  2 yaktaur captains
  2 shambling mangroves
  A rakshasa (Depths:1)
  An entropy weaver (Vaults:1)
  11 hydras
  3 ghost crabs
  3 vault guards
  An ice dragon (Zot:2)
  2 salamander tyrants (Snake:4)
  3 anacondas
  A spriggan air mage (Depths:2)
  6 ironbound frosthearts
  2 death knights (Vaults:2)
  7 centaur warriors (Vaults:1)
  A boulder beetle (Vaults:1)
  10 naga warriors
  9 alligators
  A dancing weapon (Elf:3)
  3 deep troll shamans
  A spriggan berserker (Depths:2)
  8 deep troll earth magi
  7 naga sharpshooters
  2 shock serpents
  3 sun demons (WizLab)
  A tengu warrior (Depths:1)
  An orc high priest (Elf:3)
  4 hell knights
  A soul eater (WizLab)
  10 spriggans
  2 deep elf knights (Elf:3)
  A sixfirhy (Abyss:2)
  A salamander mystic (Snake:2)
  A skyshark (shapeshifter) (Zot:2)
  A flayed ghost (Depths:1)
  2 goliath frogs
  9 iron trolls
  5 spriggan druids
  A glowing orange brain (Depths:2)
  3 sea snakes (Snake:2)
  37 deep trolls
  8 swamp dragons
  5 naga ritualists
  A bog body (Swamp:1)
  3 wizards
  3 necromancers
  5 ironbound convokers
  2 deep elf pyromancers (Elf:3)
  3 lindwurms (Vaults:3)
  5 deep elf archers (Elf:3)
  4 mana vipers
  2 deep elf zephyrmancers (Elf:3)
  9 ugly things
  3 will-o-the-wisps
  A shining eye (Slime:4)
  13 salamanders
  15 black mambas
  An elephant (Zot:4)
  10 moths of wrath
  3 guardian serpents
  8 vault sentinels
  A centaur skeleton (Abyss:2)
  A smoke demon (WizLab)
  11 naga magi
  An eye of devastation (Slime:5)
  4 yaktaurs
  An ancient zyme (Abyss:2)
  A golden dragon simulacrum (Depths:2)
  A tengu conjurer (Depths:3)
  2 ice devils (WizLab)
  A bloated husk (Swamp:1)
  5 tyrant leeches
  2 nameless horrors
  A wind drake (shapeshifter) (Elf:3)
  10 hornets
  27 slime creatures
  An ettin skeleton (Vaults:1)
  2 ynoxinuls
  2 water elementals (Depths:2)
  A fire elemental (Elf:3)
  6 golden eyes (Slime:2)
  A chaos spawn (WizLab)
  4 humans (Zot:4)
  2 large abominations (Abyss:2)
  7 vampire mosquitoes
  2 redbacks (Vaults:1)
  A warg (Elf:3)
  32 nagas
  8 swamp worms
  7 swamp drakes
  A human zombie (Vaults:1)
  2 boggarts (Vaults:1)
  2 necrophages (Swamp:4)
  4 small abominations (Abyss:2)
  A lava snake (Snake:2)
  A white imp (Abyss:2)
  An ufetubus (Abyss:2)
  2 orcs (Elf:3)
  A starspawn tentacle (Abyss:2)
601 creatures vanquished.

Vanquished Creatures (others)
  A draconian monk (Zot:1)
  A draconian knight (Zot:3)
  A sixfirhy (Abyss:2)
  A deep elf pyromancer (Elf:3)
  A fire elemental (Elf:2)
  A bush (Lair:5)
  9 foxfires
  54 fungi
  70 plants
  6 starspawn tentacles (Abyss:2)
  32 withered plants (Lair:5)
177 creatures vanquished.

Grand Total: 2239 creatures vanquished

Notes
Turn   | Place    | Note
-------+----------+-------------------------------------------
     0 | D:1      | Flugkiller the Formicid Air Elementalist began the quest
                  | for the Orb.
     0 | D:1      | Reached XP level 1. HP: 13/13 MP: 3/3
   200 | D:1      | Reached skill level 1 in Fighting
   200 | D:1      | Reached XP level 2. HP: 21/21 MP: 0/5
   616 | D:1      | You fall into a shaft and drop 1 floor!
   877 | D:2      | Noticed Jessica
   878 | D:2      | Reached XP level 3. HP: 26/26 MP: 4/6
   899 | D:2      | Killed Jessica
   978 | D:2      | Reached XP level 4. HP: 32/32 MP: 2/7
  1024 | D:2      | Learned a level 2 spell: Static Discharge
  1029 | D:2      | Learned a level 4 spell: Airstrike
  1542 | D:2      | Noticed Natasha
  1560 | D:2      | Killed Natasha
  1561 | D:2      | Reached skill level 1 in Conjurations
  1710 | D:2      | Reached XP level 5. HP: 28/37 MP: 3/8
  2042 | D:2      | Noticed Natasha
  3709 | D:2      | Killed Natasha
  4204 | D:2      | Noticed Natasha
  4210 | D:2      | Killed Natasha
  4908 | D:3      | Reached XP level 6. HP: 31/43 MP: 10/10
  5163 | D:3      | Reached skill level 5 in Air Magic
  5561 | D:4      | Found a staircase to the Ecumenical Temple.
  5570 | Temple   | Entered the Ecumenical Temple
  5575 | Temple   | Became a worshipper of Cheibriados the Contemplative
  5586 | D:4      | Noticed a black bear
  5960 | D:4      | Found a sand-covered staircase.
  5986 | Ossuary  | Entered an ossuary
  6127 | Ossuary  | Reached XP level 7. HP: 41/50 MP: 10/12
  6216 | Ossuary  | Reached * piety under Cheibriados
  6922 | D:4      | Reached skill level 1 in Invocations
  7234 | D:5      | Entered Level 5 of the Dungeon
  7344 | D:5      | Reached XP level 8. HP: 40/56 MP: 13/14
  7490 | D:5      | Found a blossoming altar of Fedhas.
  7683 | D:5      | Identified the +0 leather armour of Fallacy {*Slow rC++
                  | rN+++}
  7702 | D:5      | Reached ** piety under Cheibriados
  7947 | D:5      | Found a white marble altar of Elyvilon.
  8340 | D:6      | Reached skill level 5 in Spellcasting
  8838 | D:6      | Found a glowing golden altar of the Shining One.
  9042 | D:6      | Reached XP level 9. HP: 61/63 MP: 16/16
  9800 | D:7      | Reached *** piety under Cheibriados
 10518 | D:8      | Noticed Maggie
 10631 | D:8      | Reached skill level 5 in Invocations
 10647 | D:8      | Reached XP level 10. HP: 69/71 MP: 11/17
 10856 | D:8      | Found a runed translucent door.
 10872 | D:8      | Noticed LowRida's ghost (novice OpCj)
 10887 | D:8      | Noticed a purple ugly thing
 10889 | D:8      | Noticed a catoblepas
 10895 | D:8      | Killed a purple ugly thing
 10899 | D:8      | You fall into a shaft and drop 1 floor!
 10942 | D:9      | Identified 3 scrolls of acquirement
 10942 | D:9      | Acquired a +3 spectral giant club
 10944 | D:9      | Acquired a staff of air
 11119 | D:8      | Reached skill level 5 in Fighting
 11411 | D:8      | Got the Tractate on Ruinous Maleficia
 11484 | D:8      | Reached skill level 5 in Dodging
 11541 | D:8      | Noticed Grum
 11550 | D:8      | Reached **** piety under Cheibriados
 11550 | D:8      | Killed Grum
 11557 | D:8      | Killed Maggie
 11639 | D:8      | Found the +2 cloak of the Thief {*Fog Slay-2 SInv Stlth+}
 11848 | D:8      | Identified the +9 plate armour "Eguskig" {Int+4}
 12099 | D:8      | You fall into a shaft and drop 2 floors!
 12099 | D:10     | Entered Level 10 of the Dungeon
 12441 | D:9      | Reached XP level 11. HP: 80/80 MP: 18/18
 12753 | D:9      | Noticed a cyclops
 12756 | D:9      | Killed a cyclops
 12967 | D:9      | Noticed a tengu warrior
 12971 | D:9      | Killed a tengu warrior
 13080 | D:9      | Reached skill level 1 in Ranged Weapons
 13210 | D:9      | Noticed a cyclops
 13225 | D:9      | Killed a cyclops
 13542 | D:9      | Found a staircase to the Lair.
 13659 | D:9      | Noticed a boulder beetle
 13987 | D:9      | Killed a boulder beetle
 14441 | D:10     | Reached skill level 5 in Ranged Weapons
 15122 | D:10     | Noticed a two-headed ogre
 15124 | D:10     | Killed a two-headed ogre
 15125 | D:10     | Reached XP level 12. HP: 88/88 MP: 19/19
 15272 | D:11     | Reached skill level 1 in Armour
 15507 | D:11     | Noticed a two-headed ogre
 15510 | D:11     | Killed a two-headed ogre
 16065 | D:11     | Found a staircase to the Orcish Mines.
 16227 | D:11     | Identified the +6 short sword "Vumi" {elec, +Blink}
 16425 | D:11     | Learned a level 5 spell: Arcjolt
 16470 | Lair:1   | Entered Level 1 of the Lair of Beasts
 16640 | Lair:1   | Reached skill level 1 in Evocations
 17264 | Lair:2   | Noticed a four-headed hydra
 17267 | Lair:2   | Killed a four-headed hydra
 17533 | Lair:2   | Reached ***** piety under Cheibriados
 18047 | Lair:2   | Found a sacrificial altar of Ru.
 18232 | Lair:2   | Noticed a five-headed hydra
 18240 | Lair:2   | Killed a five-headed hydra
 18511 | Lair:2   | Reached XP level 13. HP: 56/97 MP: 10/21
 18871 | Lair:2   | Found a staircase to the Snake Pit.
 19077 | Lair:3   | Noticed Snorg
 19106 | Lair:3   | Acquired the +6 Majin-Bo {spellvamp, MP+6 Int+6}
 19106 | Lair:3   | Found the +6 Majin-Bo {spellvamp, MP+6 Int+6}
 19248 | Lair:3   | Noticed a six-headed hydra
 19255 | Lair:3   | Noticed Fannar
 19257 | Lair:3   | Killed a six-headed hydra
 19268 | Lair:3   | Killed Snorg
 19269 | Lair:3   | Reached skill level 10 in Dodging
 19273 | Lair:3   | Killed Fannar
 19274 | Lair:3   | Reached skill level 5 in Armour
 19716 | Lair:2   | Learned a level 5 spell: Irradiate
 19958 | Lair:3   | Reached skill level 1 in Transmutations
 20078 | Lair:3   | Found a staircase to the Swamp.
 20946 | Lair:4   | Reached skill level 5 in Conjurations
 21451 | Lair:4   | Noticed a seven-headed hydra
 21458 | Lair:4   | Killed a seven-headed hydra
 21642 | Lair:4   | Noticed a seven-headed hydra
 21648 | Lair:4   | Killed a seven-headed hydra
 22213 | Lair:5   | Entered Level 5 of the Lair of Beasts
 22249 | Lair:5   | Reached skill level 5 in Transmutations
 22249 | Lair:5   | Reached XP level 14. HP: 105/105 MP: 6/26
 23142 | Lair:5   | Found a staircase to the Slime Pits.
 23787 | Lair:5   | Learned a level 2 spell: Sublimation of Blood
 23930 | Lair:5   | Noticed a dire elephant
 23930 | Lair:5   | Noticed a dire elephant
 23930 | Lair:5   | Noticed a dire elephant
 23939 | Lair:5   | Killed a dire elephant
 23940 | Lair:5   | Reached skill level 1 in Necromancy
 24177 | Lair:5   | Noticed a dire elephant
 24177 | Lair:5   | Noticed a dire elephant
 24215 | Lair:5   | Reached skill level 10 in Conjurations
 24228 | Lair:5   | Identified the amulet "Ibiustru" {Faith rF+ rC+ Regen+
                  | Dex+3}
 24335 | Lair:5   | Reached ****** piety under Cheibriados
 25472 | D:12     | Reached skill level 5 in Necromancy
 25660 | D:12     | Reached XP level 15. HP: 110/110 MP: 14/28
 26042 | D:12     | Gained mutation: Armour fits poorly on your strangely
                  | shaped body. [mutagenic glow]
 26495 | D:13     | Found a stormy altar of Qazlal.
 26648 | D:13     | Reached skill level 5 in Evocations
 26796 | D:13     | Found a frozen archway.
 26809 | IceCv    | Entered an ice cave
 27317 | IceCv    | Reached skill level 10 in Spellcasting
 27445 | IceCv    | Identified the ring "Leck" {rF+ Str+4 Dex+6}
 27450 | IceCv    | Found the +8 frozen axe "Frostbite" {freeze, freezing
                  | cloud, *Noise Fly rC+}
 27759 | D:13     | Reached skill level 10 in Invocations
 28000 | D:14     | Found a gate to the Vaults.
 28143 | D:14     | Reached XP level 16. HP: 117/117 MP: 30/30
 28939 | D:15     | Entered Level 15 of the Dungeon
 28962 | D:15     | Reached skill level 1 in Earth Magic
 29018 | D:15     | Reached skill level 2 in Earth Magic
 29201 | D:15     | Noticed Rupert
 29214 | D:15     | Killed Rupert
 29215 | D:15     | Reached skill level 3 in Earth Magic
 29572 | D:15     | Reached skill level 4 in Earth Magic
 29856 | D:15     | Noticed Josephine
 29862 | D:15     | Killed Josephine
 30171 | D:15     | Reached skill level 5 in Earth Magic
 30438 | D:15     | Found a staircase to the Depths.
 30438 | D:15     | Noticed a frost giant
 30440 | D:15     | Killed a frost giant
 30619 | D:15     | Found a portal to a secret trove of treasure.
 30768 | Orc:1    | Entered Level 1 of the Orcish Mines
 30768 | Orc:1    | Noticed Sonja
 30768 | Orc:1    | Noticed Urug
 30775 | Orc:1    | Killed Sonja
 30779 | Orc:1    | Killed Urug
 30788 | D:11     | Reached skill level 6 in Earth Magic
 30908 | D:11     | Learned a level 6 spell: Iron Shot
 30916 | D:11     | Learned a level 7 spell: Spellforged Servitor
 31302 | Orc:1    | Noticed Nergalle
 31309 | Orc:1    | Killed Nergalle
 31515 | Orc:1    | Found a transporter.
 31515 | Orc:1    | Found Eczo's Armour Boutique.
 31518 | Orc:1    | Noticed Fatsamen's ghost (journeyman MiMo)
 31650 | Orc:1    | Found a transporter.
 31767 | Orc:2    | Entered Level 2 of the Orcish Mines
 31776 | Orc:2    | Reached skill level 1 in Summonings
 32144 | Orc:2    | Found a staircase to the Elven Halls.
 32719 | Orc:2    | Found Xater's General Store.
 32719 | Orc:2    | Found Uxtaiv's General Store.
 32720 | Orc:2    | Found Venas's Book Shop.
 32724 | Orc:2    | Found Eroob's Weapon Boutique.
 32917 | Elf:1    | Entered Level 1 of the Elven Halls
 32925 | Elf:1    | Reached XP level 17. HP: 119/122 MP: 31/31
 32971 | Elf:1    | Reached skill level 7 in Earth Magic
 33692 | Elf:1    | Reached skill level 8 in Earth Magic
 33755 | Elf:1    | Identified the +6 falchion "Ojuipum" {protect, *Noise rF+
                  | rN+ Will+}
 33910 | Elf:1    | Noticed Jorgrun
 33916 | Elf:1    | Killed Jorgrun
 34248 | Elf:1    | Reached skill level 5 in Summonings
 35454 | Elf:2    | Identified the +12 war axe "Qefots" {spect, Str+5}
 35663 | Elf:2    | Found a runed translucent gate.
 35663 | Elf:2    | Found a runed translucent gate.
 35663 | Elf:2    | Found a runed translucent gate.
 35742 | Elf:2    | Found Cehoo's Jewellery Shop.
 35990 | Elf:3    | Entered Level 3 of the Elven Halls
 36076 | Elf:3    | Reached XP level 18. HP: 129/129 MP: 34/34
 36126 | Elf:3    | Learned a level 8 spell: Lehudib's Crystal Spear
 36309 | Elf:3    | Noticed Zenata
 36342 | Elf:3    | Killed Zenata
 36760 | Elf:3    | Noticed a deep elf master archer
 36763 | Elf:3    | Killed a deep elf master archer
 36766 | Elf:3    | Noticed a deep elf blademaster
 36767 | Elf:3    | Noticed a deep elf master archer
 36771 | Elf:3    | Killed a deep elf blademaster
 36772 | Elf:3    | Killed a deep elf master archer
 36774 | Elf:3    | Killed a ghostly deep elf master archer
 36955 | Elf:3    | Noticed a deep elf blademaster
 36958 | Elf:3    | Killed a deep elf blademaster
 36963 | Elf:3    | Noticed an Ice Fiend
 36972 | Elf:3    | Reached skill level 15 in Conjurations
 37083 | Elf:3    | Identified the +3 mace "Ilurakoshri" {freeze, rF+ Will++
                  | Stlth+}
 37227 | Elf:3    | Identified the +4 rapier of Kepi {flame, rCorr SInv}
 37249 | Elf:3    | Reached skill level 10 in Summonings
 37373 | Abyss:2  | Cast into level 2 of the Abyss (a deep elf demonologist)
 37493 | Abyss:2  | Found a corrupted altar of Lugonu.
 37539 | Abyss:2  | Gained mutation: You are frail. (-10% HP) [a neqoxec]
 37747 | Abyss:2  | Noticed a lich
 37752 | Abyss:2  | Killed a lich
 37753 | Abyss:2  | Reached skill level 10 in Fighting
 37916 | Elf:3    | Escaped the Abyss
 37979 | Elf:3    | Reached XP level 19. HP: 106/127 MP: 12/35
 38046 | Elf:3    | Got the Book of Stolen Souls
 38071 | Elf:3    | Identified the +4 shortbow "Tatiw" {freeze, Fragile rElec
                  | Str+4 SInv}
 38078 | Elf:3    | Identified the +11 sling of Zeof Eloina {heavy, rElec rPois
                  | Int-5 Dex+3}
 38085 | Elf:3    | Identified the +7 chain mail of the Clam {Harm Int+3
                  | Stlth-}
 38825 | Swamp:1  | Entered Level 1 of the Swamp
 38830 | Swamp:1  | Identified the ring "Qivith" {rN+++ rCorr Int+6 Dex-3
                  | Stlth-}
 39057 | Swamp:1  | Lost mutation: You are frail. (-10% HP) [potion of
                  | mutation]
 39057 | Swamp:1  | Lost mutation: Armour fits poorly on your strangely shaped
                  | body. [potion of mutation]
 39057 | Swamp:1  | Gained mutation: You possess an exceptional clarity of
                  | mind. [potion of mutation]
 39057 | Swamp:1  | Gained mutation: Your magical capacity is low. (-10% MP)
                  | [potion of mutation]
 39188 | Swamp:1  | Lost mutation: You possess an exceptional clarity of mind.
                  | [potion of mutation]
 39188 | Swamp:1  | Lost mutation: Your magical capacity is low. (-10% MP)
                  | [potion of mutation]
 39188 | Swamp:1  | Gained mutation: Your movements are slightly less
                  | encumbered by armour. (ER -2) [potion of mutation]
 39188 | Swamp:1  | Gained mutation: You expend magic power (3 MP) to
                  | strengthen your wands. [potion of mutation]
 40239 | Swamp:2  | Got the Codex of the Dead and Frostbite
 40882 | Swamp:4  | Entered Level 4 of the Swamp
 41008 | Swamp:4  | Reached skill level 9 in Earth Magic
 41555 | Swamp:4  | Noticed Louise
 41557 | Swamp:4  | Killed Louise
 41575 | Swamp:4  | Reached XP level 20. HP: 92/153 MP: 13/36
 41821 | Swamp:4  | Got a decaying rune of Zot
 42048 | Swamp:4  | Noticed a tentacled monstrosity
 42053 | Swamp:4  | Killed a tentacled monstrosity
 42054 | Swamp:4  | Reached skill level 10 in Earth Magic
 42218 | Snake:1  | Entered Level 1 of the Snake Pit
 42475 | Snake:1  | Found Cofir's Antique Armour Emporium.
 42688 | Snake:1  | Found Lupuc's Weapon Shoppe.
 42688 | Snake:1  | Found Semuv's Book Emporium.
 42694 | Snake:1  | Found Ywek's Jewellery Shoppe.
 44229 | Snake:2  | Found Garut's Tremendous Tomes.
 44370 | Snake:2  | You fall into a shaft and drop 1 floor!
 44690 | Snake:3  | Reached skill level 11 in Earth Magic
 45289 | Snake:4  | Entered Level 4 of the Snake Pit
 45741 | Snake:2  | Identified the +3 ring mail "Gosuyfoheu" {rF+}
 46061 | Snake:4  | Found Cuywes's Jewellery Boutique.
 46061 | Snake:4  | Found Ehaphulo's Book Shoppe.
 46062 | Snake:4  | Found Essiforph's Book Shoppe.
 46224 | Snake:4  | Reached skill level 12 in Earth Magic
 46386 | Snake:4  | Reached skill level 10 in Armour
 46530 | Snake:4  | Reached XP level 21. HP: 152/159 MP: 28/37
 47088 | Snake:4  | Reached skill level 13 in Earth Magic
 47294 | Snake:4  | Got a serpentine rune of Zot
 47658 | Vaults:1 | Entered Level 1 of the Vaults
 47741 | Vaults:1 | Reached skill level 14 in Earth Magic
 47805 | Vaults:1 | Found a magical portal.
 47835 | WizLab   | Entered Doroklohe's Tomb
 47969 | WizLab   | Noticed a Tzitzimitl
 47976 | WizLab   | Killed a Tzitzimitl
 47980 | WizLab   | Gained mutation: You are dopey. (Int -2) [a cacodemon]
 48106 | WizLab   | Reached skill level 15 in Earth Magic
 48817 | Vaults:1 | Reached XP level 22. HP: 157/165 MP: 28/39
 49161 | Vaults:1 | Reached skill level 15 in Spellcasting
 49645 | Vaults:1 | Found a huge runed gate.
 49645 | Vaults:1 | Found a huge runed gate.
 49645 | Vaults:1 | Found a huge runed gate.
 49645 | Vaults:1 | Found a huge runed gate.
 49646 | Vaults:1 | Found a huge runed gate.
 49646 | Vaults:1 | Found a huge runed gate.
 49646 | Vaults:1 | Found a huge runed gate.
 49646 | Vaults:1 | Found a huge runed gate.
 49647 | Vaults:1 | Found a huge runed gate.
 49647 | Vaults:1 | Found a huge runed gate.
 49647 | Vaults:1 | Found a huge runed gate.
 49647 | Vaults:1 | Found a huge runed gate.
 49647 | Vaults:1 | Found a huge runed gate.
 49648 | Vaults:1 | Found a huge runed gate.
 49649 | Vaults:1 | Found a huge runed gate.
 49650 | Vaults:1 | Found a huge runed gate.
 49651 | Vaults:1 | Found a huge runed gate.
 49659 | Vaults:1 | Found a huge runed gate.
 49659 | Vaults:1 | Found a huge runed gate.
 49659 | Vaults:1 | Found a huge runed gate.
 49659 | Vaults:1 | Found a huge runed gate.
 49659 | Vaults:1 | Found a huge runed gate.
 49659 | Vaults:1 | Found a huge runed gate.
 49660 | Vaults:1 | Found a huge runed gate.
 49661 | Vaults:1 | Found a huge runed gate.
 49662 | Vaults:1 | Found a huge runed gate.
 49670 | Vaults:1 | Found a huge runed gate.
 49670 | Vaults:1 | Found a huge runed gate.
 49670 | Vaults:1 | Found a huge runed gate.
 49670 | Vaults:1 | Found a huge runed gate.
 49670 | Vaults:1 | Found a huge runed gate.
 49670 | Vaults:1 | Found a huge runed gate.
 49766 | Vaults:1 | Found a huge runed gate.
 49767 | Vaults:1 | Found a huge runed gate.
 49768 | Vaults:1 | Found a huge runed gate.
 49776 | Vaults:1 | Found a huge runed gate.
 50052 | Vaults:2 | Found a flickering gateway to a bazaar.
 50059 | Bazaar   | Entered a bazaar
 50080 | Bazaar   | Found Jockistru's Antique Weapon Emporium.
 50096 | Bazaar   | Found Muatax's Antique Weapon Emporium.
 50125 | Bazaar   | Found Unane's Assorted Antiques.
 50125 | Bazaar   | Found Fiqihauh's General Store.
 50168 | Bazaar   | Bought a scroll of acquirement for 676 gold pieces
 50186 | Vaults:2 | Acquired the ring "Zupylaub" {Contam rF+ rC+ rN+++ Str+3}
 50291 | Vaults:2 | Found a staircase to the Crypt.
 51223 | Vaults:2 | Found a huge runed gate.
 51223 | Vaults:2 | Found a huge runed gate.
 51223 | Vaults:2 | Found a huge runed gate.
 51223 | Vaults:2 | Found a huge runed gate.
 51223 | Vaults:2 | Found a huge runed gate.
 51223 | Vaults:2 | Found a huge runed gate.
 51224 | Vaults:2 | Found a huge runed gate.
 51224 | Vaults:2 | Found a huge runed gate.
 51224 | Vaults:2 | Found a huge runed gate.
 51224 | Vaults:2 | Found a huge runed gate.
 51228 | Vaults:2 | Found a huge runed gate.
 51228 | Vaults:2 | Found a huge runed gate.
 51228 | Vaults:2 | Found a huge runed gate.
 51228 | Vaults:2 | Found a huge runed gate.
 51228 | Vaults:2 | Found a huge runed gate.
 51228 | Vaults:2 | Found a huge runed gate.
 51229 | Vaults:2 | Found a huge runed gate.
 51230 | Vaults:2 | Found a huge runed gate.
 51231 | Vaults:2 | Found a huge runed gate.
 51249 | Vaults:2 | Found a huge runed gate.
 51249 | Vaults:2 | Found a huge runed gate.
 51249 | Vaults:2 | Found a huge runed gate.
 51249 | Vaults:2 | Found a huge runed gate.
 51249 | Vaults:2 | Found a huge runed gate.
 51249 | Vaults:2 | Found a huge runed gate.
 51250 | Vaults:2 | Found a huge runed gate.
 51251 | Vaults:2 | Found a huge runed gate.
 51252 | Vaults:2 | Found a huge runed gate.
 51260 | Vaults:2 | Found a huge runed gate.
 51260 | Vaults:2 | Found a huge runed gate.
 51260 | Vaults:2 | Found a huge runed gate.
 51260 | Vaults:2 | Found a huge runed gate.
 51260 | Vaults:2 | Found a huge runed gate.
 51260 | Vaults:2 | Found a huge runed gate.
 51261 | Vaults:2 | Found a huge runed gate.
 51262 | Vaults:2 | Found a huge runed gate.
 51916 | Vaults:3 | Reached skill level 16 in Earth Magic
 52095 | Vaults:3 | Reached XP level 23. HP: 141/175 MP: 12/42
 52294 | Vaults:3 | Reached skill level 17 in Earth Magic
 52473 | Vaults:3 | Noticed Jory
 52477 | Vaults:3 | Killed Jory
 53316 | Vaults:4 | Reached skill level 18 in Earth Magic
 54459 | Depths:1 | Entered Level 1 of the Depths
 54501 | Depths:1 | Noticed a caustic shrike
 54507 | Depths:1 | Reached skill level 19 in Earth Magic
 54523 | Depths:1 | Identified the amulet of Doerepis {Faith Fragile rPois
                  | rCorr Dex+3}
 54534 | Depths:1 | Killed a caustic shrike
 54791 | Depths:1 | Found a glowing silver altar of Zin.
 54825 | Depths:1 | Found a one-way gate leading to the halls of Pandemonium.
 54830 | Depths:1 | Found Kocaseoss's Armour Emporium.
 54851 | Depths:1 | Reached skill level 20 in Earth Magic
 55401 | Depths:1 | Found a shimmering blue altar of Sif Muna.
 55459 | Depths:1 | Found a blossoming altar of Fedhas.
 55509 | Depths:1 | Reached skill level 21 in Earth Magic
 55556 | Depths:1 | Found a gateway to Hell.
 56035 | Depths:1 | Bought the +17 plate armour of Gozag's Supremacy {Dex+5}
                  | for 1290 gold pieces
 56057 | Depths:1 | Learned a level 9 spell: Shatter
 56133 | Depths:2 | Reached XP level 24. HP: 182/182 MP: 20/42
 56504 | Depths:2 | Noticed a golden dragon
 56510 | Depths:2 | Killed a golden dragon
 57286 | Depths:3 | Noticed Boris
 57295 | Depths:3 | Killed Boris
 57422 | Depths:3 | Found a one-way gateway to a ziggurat.
 57753 | Depths:3 | Found a transporter.
 57759 | Depths:3 | Found a one-way gate to the infinite horrors of the Abyss.
 57761 | Depths:3 | Noticed a juggernaut
 57777 | Depths:3 | Found a transporter.
 58146 | Depths:4 | Entered Level 4 of the Depths
 58276 | Depths:4 | Found a gate to the Realm of Zot.
 58276 | Depths:4 | Noticed a golden dragon
 58276 | Depths:4 | Noticed a golden dragon
 58282 | Depths:4 | Killed a golden dragon
 58302 | Depths:4 | Killed a golden dragon
 58333 | Depths:4 | Reached XP level 25. HP: 132/188 MP: 12/42
 58347 | Depths:4 | Reached skill level 22 in Earth Magic
 58412 | Depths:4 | Found a radiant altar of Vehumet.
 58795 | Depths:4 | Found a runed translucent door.
 58796 | Depths:4 | Noticed Afra's ghost (veteran FoHs)
 59116 | Depths:4 | Identified the +4 hand axe "Widowermaker" {drain, rElec
                  | rC+}
 59374 | Depths:4 | Killed Afra's ghost
 59380 | Depths:4 | Identified the +1 robe of Greater Demons {rElec rN++ Dex+2}
 59623 | Orc:2    | Bought the ring "Jeaty" {rN+ Int+5 SInv} for 587 gold
                  | pieces
 59850 | Slime:1  | Entered Level 1 of the Pits of Slime
 60325 | Slime:5  | Entered Level 5 of the Pits of Slime
 60339 | Slime:5  | Gained mutation: Potions are less effective at restoring
                  | your health. [a shining eye]
 60340 | Slime:5  | Gained mutation: Your spells are a little easier to cast,
                  | but a little less powerful. [a shining eye]
 60380 | Slime:4  | Gained mutation: You are weak. (Str -2) [a shining eye]
 60484 | Slime:5  | Found a viscous altar of Jiyva.
 60484 | Slime:5  | Noticed the Royal Jelly
 60503 | Slime:5  | Killed the Royal Jelly
 60670 | Slime:5  | Lost mutation: You expend magic power (3 MP) to strengthen
                  | your wands. [potion of mutation]
 60670 | Slime:5  | Lost mutation: You are dopey. (Int -2) [potion of mutation]
 60670 | Slime:5  | Lost mutation: Your movements are slightly less encumbered
                  | by armour. (ER -2) [potion of mutation]
 60670 | Slime:5  | Lost mutation: You are weak. (Str -2) [potion of mutation]
 60670 | Slime:5  | Gained mutation: A frigid envelope surrounds you and
                  | freezes all who hurt you. [potion of mutation]
 60671 | Slime:5  | Lost mutation: A frigid envelope surrounds you and freezes
                  | all who hurt you. [potion of mutation]
 60671 | Slime:5  | Lost mutation: Potions are less effective at restoring your
                  | health. [potion of mutation]
 60671 | Slime:5  | Gained mutation: You expend magic power (3 MP) to
                  | strengthen your wands. [potion of mutation]
 60671 | Slime:5  | Lost mutation: Your spells are a little easier to cast, but
                  | a little less powerful. [potion of mutation]
 60671 | Slime:5  | Gained mutation: You are dopey. (Int -2) [potion of
                  | mutation]
 60671 | Slime:5  | Gained mutation: Your muscles are strong. (Str +4, Int/Dex
                  | -1) [potion of mutation]
 60688 | Slime:5  | Got Hataregh's Reference Book on Fetching Hail
 60692 | Slime:5  | Got the Incunable of the Coward and Inhalation
 60728 | Slime:5  | Identified the amulet of Siogyh {RegenMP *Corrode +Blink
                  | rN++ Slay+2}
 60762 | Slime:5  | Got a slimy rune of Zot
 60763 | Slime:5  | Identified the +3 bardiche of the Yoke {pain, *Rage rC+
                  | Will+ Str+7}
 61143 | Slime:5  | Acquired 460 gold pieces
 61554 | Zot:1    | Entered Level 1 of the Realm of Zot
 61564 | Zot:1    | Reached skill level 15 in Fighting
 61564 | Zot:1    | Reached skill level 15 in Armour
 61733 | Zot:1    | Noticed an orb of fire
 61734 | Zot:1    | Identified the +6 spear "Ylli" {drain, rElec rN+ Str+2}
 61738 | Zot:1    | Killed an orb of fire
 62375 | Zot:1    | Got the Omnibus of The Black Sun
 62651 | Zot:2    | Noticed a Killer Klown
 62653 | Zot:2    | Killed a Killer Klown
 62654 | Zot:2    | Reached skill level 23 in Earth Magic
 62904 | Zot:2    | Reached XP level 26. HP: 167/201 MP: 8/44
 63260 | Zot:2    | Noticed an orb of fire
 63270 | Zot:2    | Killed an orb of fire
 63278 | Zot:2    | Reached skill level 24 in Earth Magic
 63653 | Zot:2    | Got the Catalogue of the Unified Volcano
 65270 | Zot:3    | Found a transporter.
 65332 | Zot:3    | Identified the +10 quarterstaff of Iconoclasm {speed, rCorr
                  | Stlth+}
 65556 | Zot:3    | Found the +3 greatsling "Punk" {acid, rCorr}
 66026 | Zot:4    | Noticed a curse toe
 66028 | Zot:4    | Noticed a curse toe
 66187 | Zot:4    | Killed a curse toe
 66191 | Zot:4    | Killed a curse toe
 66221 | Zot:3    | Reached XP level 27. HP: 86/213 MP: 2/44
 66609 | Zot:4    | Found a runed translucent gate.
 66609 | Zot:4    | Found a runed translucent gate.
 66609 | Zot:4    | Found a runed translucent gate.
 66609 | Zot:4    | Noticed Iruirgha's ghost (veteran OpFi)
 67097 | Zot:4    | Noticed a Killer Klown
 67102 | Zot:4    | Killed a Killer Klown
 67255 | Zot:4    | Noticed a Killer Klown
 67261 | Zot:4    | Killed a Killer Klown
 67461 | Zot:4    | Killed Iruirgha's ghost
 67518 | Zot:4    | Identified the ring "Eliussuf" {Will+ MP+9 SInv}
 67608 | Zot:5    | Entered Level 5 of the Realm of Zot
 67903 | Zot:5    | Noticed an orb of fire
 68037 | Zot:5    | Noticed an orb of fire
 68040 | Zot:5    | Killed an orb of fire
 68044 | Zot:5    | Killed an orb of fire
 68044 | Zot:5    | Noticed an orb of fire
 68047 | Zot:5    | Gained mutation: You are clumsy. (Dex -2) [an orb of fire]
 68050 | Zot:5    | Killed an orb of fire
 68054 | Zot:5    | Noticed an orb of fire
 68054 | Zot:5    | Noticed an ancient lich
 68055 | Zot:5    | Noticed an orb of fire
 68055 | Zot:5    | Killed an orb of fire
 68058 | Zot:5    | Lost mutation: Your muscles are strong. (Str +4, Int/Dex
                  | -1) [an orb of fire]
 68194 | Zot:5    | Killed an ancient lich
 68196 | Zot:5    | Killed an orb of fire
 68197 | Zot:5    | Noticed an orb of fire
 68327 | Zot:5    | Noticed an orb of fire
 68331 | Zot:5    | Killed an orb of fire
 68334 | Zot:5    | Killed an orb of fire
 68490 | Zot:5    | Noticed a Killer Klown
 68491 | Zot:5    | Noticed a dread lich
 68495 | Zot:5    | Killed a Killer Klown
 68497 | Zot:5    | Noticed a Killer Klown
 68498 | Zot:5    | Killed a dread lich
 68498 | Zot:5    | Noticed an orb of fire
 68613 | Zot:5    | Noticed an orb of fire
 68617 | Zot:5    | Gained mutation: You are partially covered in iridescent
                  | scales. (AC +2) [an orb of fire]
 68617 | Zot:5    | Gained mutation: You have hidden genetic defects. [an orb
                  | of fire]
 68619 | Zot:5    | Killed a Killer Klown
 68621 | Zot:5    | Killed an orb of fire
 68621 | Zot:5    | Killed an orb of fire
 68630 | Zot:4    | Gained mutation: You are very dopey. (Int -4) [mutagenic
                  | glow]
 69080 | Zot:5    | Gained mutation: Armour fits poorly on your strangely
                  | shaped body. [hidden defects]
 69233 | Zot:5    | Noticed a Killer Klown
 69240 | Zot:5    | Killed a Killer Klown
 69601 | Zot:5    | Lost mutation: You have hidden genetic defects. [potion of
                  | mutation]
 69601 | Zot:5    | Lost mutation: You are clumsy. (Dex -2) [potion of
                  | mutation]
 69601 | Zot:5    | Gained mutation: You are clumsy. (Dex -2) [potion of
                  | mutation]
 69601 | Zot:5    | Gained mutation: You have hidden genetic potential. [potion
                  | of mutation]
 69602 | Zot:5    | Lost mutation: You expend magic power (3 MP) to strengthen
                  | your wands. [potion of mutation]
 69602 | Zot:5    | Lost mutation: You are partially covered in iridescent
                  | scales. (AC +2) [potion of mutation]
 69602 | Zot:5    | Gained mutation: Your movements are slightly less
                  | encumbered by armour. (ER -2) [potion of mutation]
 69602 | Zot:5    | Lost mutation: You are very dopey. (Int -4) [potion of
                  | mutation]
 69603 | Zot:5    | Lost mutation: Your movements are slightly less encumbered
                  | by armour. (ER -2) [potion of mutation]
 69603 | Zot:5    | Lost mutation: You have hidden genetic potential. [potion
                  | of mutation]
 69603 | Zot:5    | Gained mutation: You are very clumsy. (Dex -4) [potion of
                  | mutation]
 69603 | Zot:5    | Gained mutation: You are vulnerable to cold. (rC-) [potion
                  | of mutation]
 69603 | Zot:5    | Gained mutation: You are robust. (+10% HP) [potion of
                  | mutation]
 69604 | Zot:5    | Lost mutation: Armour fits poorly on your strangely shaped
                  | body. [potion of mutation]
 69604 | Zot:5    | Lost mutation: You are vulnerable to cold. (rC-) [potion of
                  | mutation]
 69604 | Zot:5    | Lost mutation: You are dopey. (Int -2) [potion of mutation]
 69616 | Zot:5    | Got the Orb of Zot
 69742 | Zot:2    | Noticed Ihan the pandemonium lord
 69748 | Zot:2    | Killed Ihan the pandemonium lord
 69942 | D:11     | Noticed Zasiok the pandemonium lord
 70107 | D:1      | gg
 70108 | D:$      | Escaped with the Orb!

Illustrated notes

...........## ##..........#
#.####......## ##......####.#
#..# ##......## ##..)...##
#..# ##.## ##......##
##......## ##†## #..##
##......###......## ##..#.
##..## ##......#......##
##..##. ##..##
##...........## ##..##..
##..## ##.........##
##..###..
##..#####...@...#####..####..
##...####.....####...##.....
###...###...###...####.#.#
###...........######...#
######.######.......##
#...##...##.###### #######
###.##.####......( .....[#
####........#######
......###### #...........#


Turn 70107 on D:1: gg

Levels and vault maps discovered:
D:1:      dpeg_arrival_central, layout_basic
D:2:      layout_loops_corners, minmay_shallow_snake_nest, uniq_natasha,
          uniq_jessica
D:3:      layout_basic
D:4:      layout_gridville, minmay_temple_entry_sparse_star,
          nicolae_ossuary_entry_giza
D:5:      layout_gridville, mainiacjoe_overflow_swirl
D:6:      hellmonk_ruined_rings, layout_basic, nicolae_tso_besieged_by_evil
D:7:      layout_gridville
D:8:      minmay_tri_box, layout_loops_ring, gammafunk_ghost_grave, uniq_maggie,
          uniq_grum
D:9:      minmay_diamond_stairs, layout_small_grid, lair_entry_dummy,
          nicolae_zen_rock_garden
D:10:     layout_basic, serial_rivers, chequers_serial_rivers_room_b,
          chequers_serial_rivers_large_a, chequers_serial_rivers_micro_d,
          chequers_serial_rivers_room_a, hangedman_abyss_or_decor_passed,
          small_statue_intersection
D:11:     layout_cave_pods, erik_orc_4, minmay_misc_feat_rows
D:12:     argonaut_augean_stables, layout_basic
D:13:     layout_irregular_city, portal_ice_cave_entry_pillars_1,
          nicolae_qazlal_scattered_showers
D:14:     layout_roguey, david_vaults_3, patterned_corridor,
          chequers_serial_rivers_room_b
D:15:     grunt_enter_depths_snipers, layout_gridville, enter_trove_3,
          uniq_rupert, uniq_josephine
Temple:   hellmonk_temple_of_storms
Lair:1:   layout_long_grid, chequers_serial_rivers_room_b
Lair:2:   layout_small_grid, nicolae_snake_entry_squirm, basic_altar,
          grunt_megastairs_2
Lair:3:   dreamdust_cave_troll, layout_hall_layers, swamp_mist,
          grunt_megastairs_1, uniq_fannar, uniq_snorg
Lair:4:   layout_concentric_octagons
Lair:5:   due_jungle_book, layout_regular_city, nicolae_slime_entry_slimehenge
Swamp:1:  layout_basic_swamp, infiniplex_staircase_pool_2
Swamp:2:  layout_falls_marsh, evilmike_swamp_ruin_house_1
Swamp:3:  layout_falls_marsh, evilmike_swamp_ruin_house_4
Swamp:4:  swamp, layout_basic_swamp, swamp_pool2, nicolae_swamp_dense_foliage,
          uniq_louise
Snake:1:  layout_layer_cave, minmay_shoptagon
Snake:2:  layout_concentric_octagons, nicolae_shop_i_like_big_books,
          nicolae_snake_salamander_zone, grunt_megastairs_3,
          serial_bayou_shore_a
Snake:3:  layout_grid_maze
Snake:4:  grunt_snake_rune_spirals, layout_onion_interference,
          nicolae_snake_coiling_death, minmay_shop_grove
Slime:1:  layout_caves
Slime:2:  layout_caves
Slime:3:  layout_caves
Slime:4:  layout_caves
Slime:5
Orc:1:    layout_caves, gammafunk_ghost_stat_death, serial_shops, shop,
          uniq_sonja, uniq_nergalle, uniq_urug
Orc:2:    st_orc_mages, layout_diamond_mine
Elf:1:    layout_loops_corners,
          portal_desolation_entry_nicolae_menacing_earthworks,
          kennysheep_underground_church, minivault_28, uniq_jorgrun
Elf:2:    elven_hall_of_blades_hangedman_original
          [nicolae_blade_entry_hurt_lockers], layout_loops_corners,
          serial_shops, nicolae_shop_crystal
Elf:3:    elf_hall, layout_gridlike, uniq_zenata
Vaults:1: lightli_enter_wizlab_magi_temple, nicolae_vaults_arrows, door_vault,
          grunt_vaults_twisty, ontoclasm_vaults_fault, v_alt_pattern_2,
          ontoclasm_vaults_loading_screen, layout_vaults_quadrants
Vaults:2: blue_anna_dwarven_crypt, ontoclasm_vaults_tryst,
          hangedman_vaults_corner_blocks, nicolae_vaults_ninety_degrees,
          door_vault, v_misc_26, grunt_vaults_hallway_short,
          hangedman_vaults_snaps, nicolae_vaults_rhombus_7, vaults_room_corners,
          layout_vaults_omnicross, serial_shops, bzr_entry_dummy
Vaults:3: v_alt_pattern_6, vaults_mumra_lcd, nicolae_vaults_sealed_display,
          ontoclasm_vaults_twist, vaults_room_door_ring,
          nicolae_vaults_alarming, hangedman_vaults_slice,
          vaults_mumra_minichess, layout_vaults_chaotic_city, uniq_margery,
          uniq_jory
Vaults:4: v_rooms_6, vaults_room_octagon, ontoclasm_vaults_idyll,
          nicolae_vaults_border_crossing, v_misc_16, ontoclasm_vaults_bender,
          v_misc_17, vaults_dpeg_hooks, ontoclasm_vaults_pinch,
          ontoclasm_vaults_gateway, layout_vaults_omnibox
Depths:1: minmay_the_grid_octo_tiled_octocenter
          [minmay_the_grid_octo_concentric,
          minmay_the_grid_octo_vomiting_pacman,
          minmay_the_grid_octo_tetromino_candy, minmay_the_grid_octo_clover_2,
          minmay_the_grid_octo_prize_square_snowflake,
          minmay_the_grid_square_5x5_beaten_path,
          minmay_the_grid_square_5x5_three_small,
          minmay_the_grid_square_5x5_hollow_slash,
          minmay_the_grid_square_5x5_detours], layout_gridlike,
          marbit_kobold_abyss_entry, serial_shops,
          nicolae_shop_temple_entry_statues_fountains, pan_entry,
          kennysheep_cluttered_room, grunt_hell_entry_dis_grunt,
          minmay_liquid_box, led_sif_pool, firewood_loft, serial_bayou_shore_b
Depths:2: minmay_bloctagon, layout_basic, hell_entry, pan_entry, uniq_grunn
Depths:3: gammafunk_sealed_arena, layout_cave_shapes, enter_ziggurat_f,
          abyss_entry, nrook_uturn, hell_entry, uniq_boris
Depths:4: grunt_twist_and_shout, layout_basic, ebering_ghost_reflecting_pool,
          hell_entry, rand_demon_pan_entry_5, fiery_altar_vehumet
Zot:1:    dreamdust_black_sun_cult, layout_gridlike, st_small_dragon_hoard_3,
          uniq_josephina
Zot:2:    hangedman_zot_vaults_quadrants, layout_concentric_octagons
Zot:3:    layout_onion_interference, nicolae_diode_basic, grunt_megastairs_5
Zot:4:    circus_mu, layout_misc_corridors, gammafunk_ghost_split,
          lemuel_flame_loot_1
Zot:5:    layout_misc_corridors

Skill      XL: |  1  2  3  4  5  6  7  8  9 10 11 12 13 14 15 16 17 18 19 20 21 22 23 24 25 26 27 |
---------------+----------------------------------------------------------------------------------+-----
Fighting       | 1 2 3 4 5 6 7 8 10 12 13 14 15 17 18 | 18.6
Air Magic      | 3 4 5 6 7 8 9 |  9.0
Conjurations   | 1 2 6 10 11 13 14 15 16 17 20 | 20.0
Spellcasting   | 3 4 5 8 9 10 12 13 15 17 | 17.0
Invocations    | 2 3 5 6 8 10 12 | 12.0
Dodging        | 3 4 7 9 10 11 12 13 14 | 14.0
Stealth        | 4 |  4.0
Ranged Weapons | 6 |  6.6
Armour         | 4 5 7 10 11 13 14 15 16 | 16.0
Evocations     | 3 4 6 |  6.0
Transmutations | 5 |  5.0
Necromancy     | 5 6 8 |  8.0
Earth Magic    | 6 8 9 12 15 16 21 23 24 | 24.4
Summonings     | 2 6 10 11 12 | 12.0

Action                     |  1- 3 |  4- 6 |  7- 9 | 10-12 | 13-15 | 16-18 | 19-21 | 22-24 | 25-27 || total
---------------------------+-------+-------+-------+-------+-------+-------+-------+-------+-------++-------
  Melee: Unarmed           |    12 |       |       |       |       |       |       |       |       ||    12
         Mace              |     4 |     7 |       |       |       |       |       |       |       ||    11
         Whip              |       |    14 |     9 |       |       |       |       |       |       ||    23
         Punch             |       |       |     1 |     2 |     3 |     4 |     1 |       |     2 ||    13
         Halberd           |       |       |       |     3 |       |       |       |       |       ||     3
         Staff             |       |       |       |    93 |   101 |   123 |    38 |    36 |    17 ||   408
   Fire: Arbalest          |       |       |       |    33 |     7 |       |       |       |       ||    40
   Cast: Shock             |    43 |   159 |   185 |    67 |    49 |    14 |     1 |       |       ||   518
         Static Discharge  |       |     5 |    38 |    58 |       |       |       |       |       ||   101
         Airstrike         |       |       |    34 |   155 |   253 |   400 |   184 |     4 |     2 ||  1032
         Arcjolt           |       |       |       |       |    98 |    64 |    10 |    20 |     3 ||   195
         Irradiate         |       |       |       |       |    31 |    48 |    18 |    27 |    47 ||   171
         Sublimation of Bl |       |       |       |       |    17 |    35 |    15 |    39 |    40 ||   146
         Iron Shot         |       |       |       |       |       |    26 |   108 |   287 |   309 ||   730
         Spellforged Servi |       |       |       |       |       |    18 |   122 |    89 |    95 ||   324
         Lehudib's Crystal |       |       |       |       |       |       |       |     2 |    34 ||    36
         Shatter           |       |       |       |       |       |       |       |       |    25 ||    25
 Invoke: Slouch            |       |       |       |     2 |     5 |    10 |     3 |     5 |     5 ||    30
         Temporal Distorti |       |       |       |     1 |       |     3 |       |     1 |     3 ||     8
         Step From Time    |       |       |       |       |       |     2 |       |       |       ||     2
Ability: Shaft Self        |       |       |       |     2 |       |       |       |       |       ||     2
  Evoke: Wand              |       |       |       |       |     1 |     6 |     2 |     9 |    15 ||    33
         Phial of floods   |       |       |       |       |       |     1 |       |       |       ||     1
         Condenser vane    |       |       |       |       |       |     1 |       |     1 |     1 ||     3
         Box of beasts     |       |       |       |       |       |       |       |     1 |     1 ||     2
    Use: Scroll            |       |     6 |     4 |    10 |     7 |     8 |     7 |     3 |     8 ||    53
         Potion            |       |     1 |       |     3 |       |     5 |     9 |     3 |    11 ||    32
   Stab: Sleeping          |       |       |       |       |     1 |     1 |       |       |       ||     2
         Distracted        |       |       |       |       |     1 |     1 |     1 |     1 |       ||     4
 Armour: Robe              |     7 |    36 |    18 |       |       |    42 |     2 |       |       ||   105
         Leather armour    |       |       |     4 |    31 |    92 |    15 |       |       |       ||   142
         Acid dragon scale |       |       |       |     2 |       |       |       |       |       ||     2
         Scale mail        |       |       |       |    14 |       |       |       |       |       ||    14
         Troll leather arm |       |       |       |       |    18 |       |       |       |       ||    18
         Plate armour      |       |       |       |       |       |       |   255 |   198 |   273 ||   726
  Dodge: Dodged            |    20 |    39 |    49 |   244 |   449 |   375 |   388 |   358 |   440 ||  2362

Table legend: (Time is in decaauts)
 A = Elapsed time spent in this place.
 B = Non-inter-level travel time spent in this place.
 C = Inter-level travel time spent in this place.
 D = Time resting spent in this place.
 E = Time spent auto-exploring this place.
 F = Levels seen in this place.
 G = Mean time per level.
                   A        B        C        D        E       F      G
               +--------+--------+--------+--------+--------+-----+--------+
         Total | 102051 |  94296 |   7755 |  24796 |  51566 |  57 | 1790.4 |
       Dungeon |  28651 |  25937 |   2714 |   6588 |  14878 |  15 | 1910.1 |
        Temple |     12 |     12 |      0 |      0 |      0 |   1 |   12.0 |
          Lair |  13233 |  11909 |   1324 |   4130 |   5980 |   5 | 2646.6 |
         Swamp |   5307 |   4884 |    423 |   1335 |   2538 |   4 | 1326.8 |
     Snake Pit |   8859 |   8384 |    475 |   1276 |   5760 |   4 | 2214.8 |
    Slime Pits |   1781 |   1642 |    139 |    407 |    741 |   5 |  356.2 |
  Orcish Mines |   3021 |   2629 |    392 |    530 |   1562 |   2 | 1510.5 |
   Elven Halls |   7700 |   7411 |    289 |   2169 |   3544 |   3 | 2566.7 |
        Vaults |   9931 |   9362 |    569 |   1788 |   6189 |   4 | 2482.8 |
        Depths |   8949 |   8064 |    885 |   1709 |   5020 |   4 | 2237.2 |
           Zot |  10735 |  10193 |    542 |   3839 |   4343 |   5 | 2147.0 |
         Abyss |    897 |    897 |      0 |    106 |      0 |   1 |  897.0 |
        Bazaar |    245 |    245 |      0 |      0 |    169 |   1 |  245.0 |
       Ossuary |    721 |    721 |      0 |    464 |     52 |   1 |  721.0 |
      Ice Cave |   1202 |   1202 |      0 |    329 |    535 |   1 | 1202.0 |
        Wizlab |    803 |    803 |      0 |    125 |    252 |   1 |  803.0 |
               +--------+--------+--------+--------+--------+-----+--------+

Top non-repeatable levels by time:
   Zot:2: 4095 daAuts
  Lair:5: 3927 daAuts
     D:2: 3909 daAuts
Vaults:1: 3128 daAuts
   Elf:1: 3123 daAuts
   Elf:3: 3070 daAuts
    D:15: 3062 daAuts
  Lair:2: 2911 daAuts
Depths:1: 2904 daAuts
 Snake:1: 2888 daAuts
Depths:4: 2871 daAuts
   Zot:4: 2765 daAuts
    D:11: 2714 daAuts
Vaults:2: 2468 daAuts
     D:8: 2460 daAuts
